 Dungeon Crawl Stone Soup version 0.31-a0-1547-g618ab1f346 (webtiles) character file.

Game seed: 2025635802097742263

405 graki42 the Conjurer (level 6, -3/44 HPs)
             Began as a Gnoll Conjurer on Jan 2, 2024.
             Slain by a gnoll
             ... wielding a +0 spear
             ... led by a gnoll bouda
              (7 damage)
             ... on level 4 of the Dungeon.
             The game lasted 00:06:58 (3325 turns).

graki42 the Conjurer (Gnoll Conjurer)               Turns: 3325, Time: 00:06:58

Health: -3/44      AC:  3    Str:  6    XL:     6   Next: 87%
Magic:  14/14      EV: 13    Int: 20    God:
Gold:   186        SH:  0    Dex: 10    Spells: 13/16 levels left

rFire   . . .        f - +1 dagger (venom)
rCold   . . .        (no shield)
rNeg    . . .        a - +0 robe
rPois   .            (no helmet)
rElec   .            t - scarf {repulsion}
rCorr   .            (no gloves)
SInv    .            c - +0 pair of boots
Will    .....        (no amulet)
Stlth   +++          (no ring)
HPRegen 0.27/turn    (no ring)
MPRegen 0.14/turn

%: repel missiles
@: about to teleport
A: fangs 1, strong nose, distributed training
a: no special abilities


You were on level 4 of the Dungeon.
You visited 1 branch of the dungeon, and saw 4 of its levels.
You also visited: Sewer.

You collected 186 gold pieces.

Inventory:

Hand Weapons
 f - a +1 dagger of venom (weapon)
Armour
 a - a +0 robe (worn)
 c - a +0 pair of boots (worn)
 p - a +0 buckler
 t - a scarf of repulsion (worn)
Jewellery
 u - an amulet of faith
Scrolls
 h - a scroll of noise {unknown}
 i - a scroll of torment {unknown}
 j - 3 scrolls of immolation {unknown}
 m - 2 scrolls of teleportation
 n - 3 scrolls of identify
 q - a scroll of butterflies {unknown}
 r - 2 scrolls of vulnerability {unknown}
 v - a scroll of enchant weapon {unknown}
 x - a scroll of fear {unknown}
Potions
 b - a potion of magic
 d - a potion of berserk rage
 e - a potion of lignification {unknown}
 g - 2 potions of enlightenment {unknown}
 k - a potion of might {unknown}
 l - a potion of ambrosia {unknown}
 o - a potion of resistance {unknown}
 s - a potion of curing {unknown}
 w - a potion of invisibility {unknown}


   Skills:
 + Level 2.2 Fighting
 + Level 2.2 Short Blades
 + Level 2.2 Long Blades
 + Level 2.2 Axes
 + Level 2.2 Maces & Flails
 + Level 2.2 Polearms
 + Level 2.2 Staves
 + Level 2.2 Ranged Weapons
 + Level 2.2 Throwing
 + Level 2.2 Armour
 + Level 5.1 Dodging
 + Level 4.7 Stealth
 + Level 2.2 Shields
 + Level 2.2 Unarmed Combat
 + Level 5.5 Spellcasting
 + Level 7.3 Conjurations
 + Level 1.8 Hexes
 + Level 1.8 Summonings
 + Level 1.8 Necromancy
 + Level 1.8 Translocations
 + Level 1.8 Fire Magic
 + Level 1.8 Ice Magic
 + Level 1.8 Air Magic
 + Level 1.8 Earth Magic
 + Level 1.8 Alchemy
 + Level 2.4 Invocations
 + Level 2.2 Evocations
 + Level 2.0 Shapeshifting


You had 13 spell levels left.
You knew the following spells:

 Your Spells              Type           Power      Damage    Failure   Level
a - Magic Dart            Conj           100%       1d8       1%          1
b - Searing Ray           Conj           68%        2d6       1%          2

Your spell library contained the following spells:

 Spells                   Type           Power      Damage    Failure   Level
 Fulminant Prism          Conj/Alch      11%        3d9       17%         4
 Iskenderun's Mystic Bla  Conj/Tloc      23%        2d6       17%         4


Dungeon Overview and Level Annotations

Branches:
Dungeon (4/15)              Sewer (visited)
 Temple: D:4-7

Altars:
Cheibriados
Makhleb
Okawaru
Vehumet
Zin

Shops:
D:4 *

Annotations:
D:3 3 runed translucent doors, bmj180's ghost, amateur HuCj


Innate Abilities, Weirdness & Mutations

You have very sharp teeth.
Your uncanny sense of smell can sniff out nearby items.
Your experience applies equally to all skills.


Message History

No target in view!
No target in view!
A kobold and a ribbon worm come into view.
The helpless ribbon worm fails to defend itself.
You impale the ribbon worm!!
You kill the ribbon worm!
Found Qesch's Assorted Antiques.
Found a stone staircase leading down.
You now have 186 gold pieces (gained 17).
A gnoll comes into view. It is wielding a +2 heavy spear.
A gnoll and a dart slug come into view.
A gnoll comes into view. It is wielding a +0 spear.
The gnoll shouts! x2; You hear a shout!
A gnoll comes into view. It is wielding a +0 flail.
A gnoll bouda comes into view. It is wielding a +0 whip.
The gnoll shouts!
A gnoll comes into view. It is wielding a +0 spear.
Found a stone staircase leading down.
The gnoll shouts!
The gnoll bouda barks out a call to the hunt!
The gnolls pick up the pace!
The kobold shouts!
The gnoll hits you from afar with a +2 heavy spear!
The gnoll shouts!
The gnoll attacks as it pursues you!
The gnoll hits you from afar with a +2 heavy spear!
The gnoll attacks as it pursues you! The gnoll hits you with a +0 whip.
Casting: Magic Dart (safe; 1% risk of failure)
Confirm with . or Enter, or press ? or * to list all spells.
Okay, then.
As you read the scroll of teleportation, it crumbles to dust.
You feel strangely unstable.
The gnoll hits you from afar with a +2 heavy spear!
* * * LOW HITPOINT WARNING * * *
The gnoll hits you from afar with a +0 spear.
* * * LOW HITPOINT WARNING * * *
Unknown command.
The gnoll misses you. The gnoll attacks as it pursues you!
The gnoll hits you from afar with a +0 spear!
You die...

#### ########## ...#
#......... ...
#.######## #.. #.# ##..
#.# ##
#...###############.# #.
#.......g.........# #.
#...Kggg.@........# #.
.......g.g.####..#####.#
#. .......###.#
#..#####.##### #.
....... #.#
#............###.
.......
#.#####.#...........#.
.......
#.........##..#..##..#
>##....
#.#####..##..###.†##..
..... #.......###..#
#..###. #.####..# #.##
##.# #.


You could see a gnoll bouda, 5 gnolls and a kobold.

Vanquished Creatures
  Pargi (Sewer)
  A brain worm (Sewer)
  A scorpion (D:3)
  2 jellies (D:4)
  7 adders
  A ribbon worm (D:4)
  2 dart slugs (D:1)
  3 ball pythons
  6 endoplasms
  4 goblins (D:1)
  3 hobgoblins
  6 kobolds
  6 quokkas
  12 bats
  4 rats
59 creatures vanquished.

Notes
Turn   | Place    | Note
-------+----------+-------------------------------------------
     0 | D:1      | graki42 the Gnoll Conjurer began the quest for the Orb.
     0 | D:1      | Reached XP level 1. HP: 13/13 MP: 6/6
   195 | D:1      | Reached XP level 2. HP: 19/19 MP: 3/7
   198 | D:1      | Learned a level 2 spell: Searing Ray
   617 | D:1      | Reached skill level 5 in Spellcasting
   617 | D:1      | Reached XP level 3. HP: 18/25 MP: 7/9
  1333 | D:2      | Found a snail-covered altar of Cheibriados.
  1372 | D:2      | Reached skill level 1 in Invocations
  1862 | D:2      | Reached skill level 1 in Fighting
  1862 | D:2      | Reached skill level 1 in Short Blades
  1862 | D:2      | Reached skill level 1 in Long Blades
  1862 | D:2      | Reached skill level 1 in Axes
  1862 | D:2      | Reached skill level 1 in Maces & Flails
  1862 | D:2      | Reached skill level 1 in Polearms
  1862 | D:2      | Reached skill level 1 in Staves
  1862 | D:2      | Reached skill level 1 in Ranged Weapons
  1862 | D:2      | Reached skill level 1 in Throwing
  1862 | D:2      | Reached skill level 1 in Armour
  1862 | D:2      | Reached skill level 1 in Shields
  1862 | D:2      | Reached skill level 1 in Unarmed Combat
  1862 | D:2      | Reached skill level 1 in Evocations
  1969 | D:2      | Reached skill level 1 in Shapeshifting
  1969 | D:2      | Reached XP level 4. HP: 32/32 MP: 7/11
  2116 | D:3      | Found a glowing drain.
  2130 | Sewer    | Entered a sewer
  2228 | Sewer    | Noticed a brain worm
  2235 | Sewer    | Killed a brain worm
  2236 | Sewer    | Reached skill level 1 in Hexes
  2236 | Sewer    | Reached skill level 1 in Summonings
  2236 | Sewer    | Reached skill level 1 in Necromancy
  2236 | Sewer    | Reached skill level 1 in Translocations
  2236 | Sewer    | Reached skill level 1 in Fire Magic
  2236 | Sewer    | Reached skill level 1 in Ice Magic
  2236 | Sewer    | Reached skill level 1 in Air Magic
  2236 | Sewer    | Reached skill level 1 in Earth Magic
  2236 | Sewer    | Reached skill level 1 in Alchemy
  2236 | Sewer    | Reached XP level 5. HP: 30/37 MP: 0/12
  2342 | Sewer    | Noticed Pargi
  2355 | Sewer    | Killed Pargi
  2356 | Sewer    | Reached XP level 6. HP: 26/44 MP: 0/14
  2542 | D:3      | Found a runed translucent gate.
  2542 | D:3      | Found a runed translucent gate.
  2542 | D:3      | Found a runed translucent gate.
  2623 | D:3      | Reached skill level 5 in Dodging
  3097 | D:3      | Noticed bmj180's ghost (amateur HuCj)
  3158 | D:4      | Found a glowing silver altar of Zin.
  3212 | D:4      | Found an iron altar of Okawaru.
  3212 | D:4      | Found a burning altar of Makhleb.
  3213 | D:4      | Found a radiant altar of Vehumet.
  3266 | D:4      | Found Qesch's Assorted Antiques.
  3325 | D:4      | Slain by a gnoll

Illustrated notes

Levels and vault maps discovered:
D:1:      minmay_arrival_split_and_join, layout_basic, kennysheep_boxes
D:2:      layout_basic, basic_altar
D:3:      layout_basic, ebering_ghost_rock_garden, portal_sewer_entry_f
D:4:      minmay_chambers_of_fours, layout_loops_ring,
          regret_index_temple_of_mockery, zin_statuary,
          nicolae_dithmenos_shadow_blocks, slow_altar_2,
          gammafunk_temple_overflow_claw, serial_shops, nicolae_stop_n_shop_1,
          nicolae_take_the_stairs, uniq_pikel

Skill      XL: |  1  2  3  4  5  6 |
---------------+-------------------+-----
Spellcasting   | 5 |  5.5
Invocations    | 1 2 |  2.4
Fighting       | 1 2 |  2.2
Short Blades   | 1 2 |  2.2
Long Blades    | 1 2 |  2.2
Axes           | 1 2 |  2.2
Maces & Flails | 1 2 |  2.2
Polearms       | 1 2 |  2.2
Staves         | 1 2 |  2.2
Ranged Weapons | 1 2 |  2.2
Throwing       | 1 2 |  2.2
Armour         | 1 2 |  2.2
Shields        | 1 2 |  2.2
Unarmed Combat | 1 2 |  2.2
Evocations     | 1 2 |  2.2
Shapeshifting  | 1 2 |  2.0
Hexes          | 1 |  1.8
Summonings     | 1 |  1.8
Necromancy     | 1 |  1.8
Translocations | 1 |  1.8
Fire Magic     | 1 |  1.8
Ice Magic      | 1 |  1.8
Air Magic      | 1 |  1.8
Earth Magic    | 1 |  1.8
Alchemy        | 1 |  1.8
Dodging        | 5 |  5.1
Stealth        | |  4.7
Conjurations   | |  7.3

Action                     |  1- 3 |  4- 6 || total
---------------------------+-------+-------++-------
  Melee: Dagger            |    15 |    12 ||    27
         Bite              |     2 |     1 ||     3
   Cast: Magic Dart        |    42 |    21 ||    63
         Searing Ray       |     2 |    12 ||    14
    Use: Scroll            |       |     4 ||     4
   Stab: Sleeping          |     1 |     2 ||     3
 Armour: Robe              |    10 |    17 ||    27
  Dodge: Dodged            |    13 |    16 ||    29

Table legend: (Time is in decaauts)
 A = Elapsed time spent in this place.
 B = Non-inter-level travel time spent in this place.
 C = Inter-level travel time spent in this place.
 D = Time resting spent in this place.
 E = Time spent auto-exploring this place.
 F = Levels seen in this place.
 G = Mean time per level.
                   A        B        C        D        E       F      G
               +--------+--------+--------+--------+--------+-----+--------+
         Total |   3326 |   3287 |     39 |     26 |   2892 |   5 |  665.2 |
       Dungeon |   2958 |   2919 |     39 |     26 |   2567 |   4 |  739.5 |
         Sewer |    367 |    367 |      0 |      0 |    325 |   1 |  367.0 |
               +--------+--------+--------+--------+--------+-----+--------+

Top non-repeatable levels by time:
     D:1: 1226 daAuts
     D:2: 859 daAuts
     D:3: 649 daAuts
   Sewer: 367 daAuts
     D:4: 223 daAuts
